 Dungeon Crawl Stone Soup version 0.31-a0-339-gda1cbd555d (webtiles) character file.

Game seed: 12049499915804559278

80 Shard1697 the Digger (level 4, -1/49 HPs)
             Began as a Draconian Earth Elementalist on July 21, 2023.
             Slain by an orc
             ... wielding a +0 flail
              (4 damage)
             ... on level 3 of the Dungeon.
             The game lasted 00:03:23 (1710 turns).

Shard1697 the Digger (Draconian Earth Elementalist) Turns: 1710, Time: 00:03:24

Health: -1/49      AC:  5    Str: 10    XL:     4   Next: 18%
Magic:  0/8        EV: 12    Int: 17    God:
Gold:   92         SH:  5    Dex: 12    Spells: 4/8 levels left

rFire   . . .        b - +0 short sword
rCold   . . .        (no shield)
rNeg    . . .        (body armour unavailable)
rPois   +            (helmet restricted)
rElec   .            (no cloak)
rCorr   .            (no gloves)
SInv    .            (no boots)
Will    .....        f - amulet of reflection Stlth
                     o - ring of wizardry
HPRegen 0.28/turn    c - ring of poison resistance
MPRegen 0.11/turn

%: reflection, wizardry (x1)
@: berserking, hasted, very quick
A: AC +5, unfitting armour, cold-blooded
a: no special abilities


You were on level 3 of the Dungeon.
You visited 1 branch of the dungeon, and saw 3 of its levels.

You collected 92 gold pieces.

Inventory:

Hand Weapons
 b - a +0 short sword (weapon)
Jewellery
 c - a ring of poison resistance (right hand)
 f - an amulet of reflection (around neck)
 i - a +6 ring of strength
 o - a ring of wizardry (left hand)
Scrolls
 d - 2 scrolls of immolation {unknown}
 e - a scroll of teleportation {unknown}
 j - a scroll of identify {unknown}
 l - a scroll of silence {unknown}
Potions
 a - a potion of magic
 g - a potion of degeneration {unknown}
 h - a potion of haste
 m - a potion of enlightenment {unknown}
 n - a potion of ambrosia {unknown}


   Skills:
 - Level 1.8 Dodging
 - Level 1.8 Stealth
 + Level 2.9 Spellcasting
 - Level 1.0 Transmutations
 * Level 4.3 Earth Magic


You had 4 spell levels left.
You knew the following spells:

 Your Spells              Type           Power      Damage    Failure   Level
a - Sandblast             Erth           34%        2d9       1%          1
t - Stone Arrow           Conj/Erth      18%        3d8       9%          3

Your spell library contained the following spells:

 Spells                   Type           Power      Damage    Failure   Level
 Passwall                 Tmut/Erth      9%         N/A       3%          2
 Ignite Poison            Fire/Tmut/Pois 3%         N/A       17%         3
 Petrify                  Tmut/Erth      11%        N/A       22%         4
 Sticky Flame             Conj/Fire      2%         2d3       54%         4
 Ignition                 Fire           1%         3d3       100%        8


Dungeon Overview and Level Annotations

Branches:
Dungeon (3/15)

Altars:

Shops:
D:1 !*


Innate Abilities, Weirdness & Mutations

Your plain brown scales are hard. (AC +5)
You cannot fit into any form of body armour.
You are cold-blooded and may be slowed by cold attacks.


Message History

You barely miss the orc.
The orc is heavily wounded.
The orc barely misses you.
You hit the orc but do no damage.
You tail-slap the orc, but do no damage.
The orc is heavily wounded.
You block the orc's attack.
You closely miss the orc.
The orc is heavily wounded.
You block the orc's attack.
You barely miss the orc.
The orc is heavily wounded.
The orc barely misses you.
You hit the orc but do no damage.
The orc is heavily wounded.
The orc hits you with a +0 flail.
You hit the orc but do no damage.
You tail-slap the orc, but do no damage.
The orc is heavily wounded.
The orc hits you with a +0 flail.
* * * LOW HITPOINT WARNING * * *
Casting: Sandblast (safe; 1% risk of failure)
Confirm with . or Enter, or press ? or * to list all spells.
Aiming: Sandblast (safe; 1% risk of failure)
Press: ? - help, Shift-Dir - straight line, f/p - orc
Aim: an orc, wielding a +0 flail, wearing a +4 ring mail and quivering boomerangs (heavily wounded, 84% to hit)
The blast of sand hits the orc but does no damage.
The orc is heavily wounded.
The orc hits you with a +0 flail.
* * * LOW HITPOINT WARNING * * *
It was a potion of haste.
You feel yourself speed up. The orc hits you with a +0 flail.
* * * LOW HITPOINT WARNING * * *
It was a potion of berserk rage.
A red film seems to cover your vision as you go berserk!
You feel yourself moving faster!
You feel mighty! The orc barely misses you.
You completely miss the orc.
The orc is heavily wounded.
The orc hits you with a +0 flail.
You die...

#.#####....## # ##
#.#####.###.# #. ..
#.......# .# #..
#.######.##.##.###.#
#.##....†........†.....
......................
#..#####..###........
#.#..###.....>.........
#....o@................
###..##...............#
#.. #.............#.#
................[..#.#
#######..........##.#..
...........##.###
##############.# #.#
#.#


You could see an orc.

Vanquished Creatures
  2 adders
  2 dart slugs (D:1)
  5 orcs
  2 ball pythons (D:2)
  5 bats
  3 endoplasms
  2 giant cockroaches (D:1)
  9 hobgoblins
  2 quokkas
  4 frilled lizards
  3 goblins
  5 kobolds
  7 rats
51 creatures vanquished.

Notes
Turn   | Place    | Note
-------+----------+-------------------------------------------
     0 | D:1      | Shard1697 the Draconian Earth Elementalist began the quest
                  | for the Orb.
     0 | D:1      | Reached XP level 1. HP: 14/14 MP: 3/3
   100 | D:1      | Reached XP level 2. HP: 4/20 MP: 3/5
   893 | D:1      | Found Gagolota's Assorted Antiques.
   928 | D:1      | Found a faded altar of an unknown god.
  1006 | D:1      | Found Belyr's Distillery.
  1070 | D:2      | Reached XP level 3. HP: 24/26 MP: 6/6
  1371 | D:2      | Reached skill level 4 in Earth Magic
  1400 | D:2      | Learned a level 3 spell: Stone Arrow
  1571 | D:2      | Reached XP level 4. HP: 27/33 MP: 3/8
  1710 | D:3      | Slain by an orc

Illustrated notes

Levels and vault maps discovered:
D:1:      shiori_arrival_maze, layout_loops_ring, serial_forest,
          infiniplex_forest_straight_3, infiniplex_forest_lined_room_3,
          infiniplex_forest_end_double, infiniplex_forest_lined_room_3,
          infiniplex_forest_lined_3, infiniplex_forest_clump_tiny, serial_shops,
          nicolae_shop_back_alley_shop, shop,
          hellmonk_ecumenical_altar_leap_of_faith
D:2:      layout_basic
D:3:      layout_loops_cross, nrook_mini_backslash, minmay_misc_feat_five,
          uniq_sigmund

Skill      XL: |  1  2  3 |
---------------+----------+-----
Earth Magic    | 4 |  4.3
Dodging        | |  1.8
Stealth        | |  1.8
Spellcasting   | |  2.9
Transmutations | |  1.0

Action                     |  1- 3 |  4- 6 || total
---------------------------+-------+-------++-------
  Melee: Unarmed           |    30 |       ||    30
         Tailslap          |    13 |     6 ||    19
         Punch             |     2 |     1 ||     3
         Short sword       |    69 |    27 ||    96
   Cast: Sandblast         |    32 |    14 ||    46
    Use: Potion            |       |     2 ||     2
   Stab: Sleeping          |     2 |       ||     2
 Armour: Skin              |    42 |     7 ||    49
  Dodge: Dodged            |    74 |    22 ||    96
  Block: Other             |    13 |     6 ||    19

Table legend: (Time is in decaauts)
 A = Elapsed time spent in this place.
 B = Non-inter-level travel time spent in this place.
 C = Inter-level travel time spent in this place.
 D = Time resting spent in this place.
 E = Time spent auto-exploring this place.
 F = Levels seen in this place.
 G = Mean time per level.
                   A        B        C        D        E       F      G
               +--------+--------+--------+--------+--------+-----+--------+
         Total |   1733 |   1652 |     81 |     88 |   1155 |   3 |  577.7 |
       Dungeon |   1733 |   1652 |     81 |     88 |   1155 |   3 |  577.7 |
               +--------+--------+--------+--------+--------+-----+--------+

Top non-repeatable levels by time:
     D:1: 1045 daAuts
     D:2: 567 daAuts
     D:3: 120 daAuts
